[ AOE2 MATCH · #478203472 ]
UnrankedMagyars vs Japanese
[ REPLAY ANALYSIS · EXTRACTED FROM THE RECORDED GAME ]
Feudal
13:09
Castle
18:45
Imperial
—
| APM avg | 32.7 |
| APM peak | 71 |
| eAPM avg | 13.3 |
| Villagers / military | 65 / 36 |
Focus
⚔️ 24.0% · 🌾 76.0%
Magyar Huszar ×36
Feudal
13:00
Castle
17:46
Imperial
—
| APM avg | 35.4 |
| APM peak | 75 |
| eAPM avg | 13.1 |
| Villagers / military | 40 / 17 |
Focus
⚔️ 31.2% · 🌾 68.8%
Archer ×9 · Skirmisher ×8 · Fishing Ship ×6
Feudal
13:49
Castle
17:19
Imperial
—
| APM avg | 40.5 |
| APM peak | 82 |
| eAPM avg | 22.0 |
| Villagers / military | 74 / 5 |
Focus
⚔️ 32.0% · 🌾 68.0%
Conquistador ×5
Feudal
14:08
Castle
17:57
Imperial
—
| APM avg | 25.7 |
| APM peak | 69 |
| eAPM avg | 14.0 |
| Villagers / military | 62 / 1 |
Focus
⚔️ 26.9% · 🌾 73.1%
Unknown (2579) ×9 · Fishing Ship ×6 · Transport Ship ×1
Feudal
13:38
Castle
17:47
Imperial
—
| APM avg | 28.8 |
| APM peak | 61 |
| eAPM avg | 16.8 |
| Villagers / military | 65 / 14 |
Focus
⚔️ 26.4% · 🌾 73.6%
Fishing Ship ×15 · Rattan Archer ×10 · Mangonel ×4 · Trade Cart ×1
Feudal
12:53
Castle
—
Imperial
—
| APM avg | 38.6 |
| APM peak | 104 |
| eAPM avg | 19.5 |
| Villagers / military | 42 / 6 |
Focus
⚔️ 53.3% · 🌾 46.7%
Scout Cavalry ×5 · Spearman ×1
Feudal
11:21
Castle
18:23
Imperial
—
| APM avg | 26.8 |
| APM peak | 44 |
| eAPM avg | 15.4 |
| Villagers / military | 50 / 36 |
Focus
⚔️ 42.1% · 🌾 57.9%
Archer ×33 · Spearman ×3
Feudal
12:38
Castle
16:38
Imperial
—
| APM avg | 46.3 |
| APM peak | 85 |
| eAPM avg | 22.4 |
| Villagers / military | 59 / 15 |
Focus
⚔️ 27.8% · 🌾 72.2%
Mangudai ×12 · Spearman ×3
Match map
Initial resources + every placement click. Lines = walls · curves = elevation contours. ◆ gold · ⬟ stone · ● berries · ✦ relic · ◌ wall gap
Your base· Open — unwalled flank
dse's base· Open — unwalled flank
Cat&Moon's base· Open — unwalled flank
Jwappa's base· Open — unwalled flank
chuoi's base· Open — 11t gap
Rgeadn's base· Open — 4t gap
CoSchiDo's base· Open — unwalled flank
Mr.Bean's base· Open — unwalled flank
Smoothed initial terrain · ◌ = detected wall gap · hover for details
Inputs per minute
— 彪德西 - - dse
Build order — 彪德西
132 actions detected in the replay
| 0:29 | Build | Town Center |
| 2:54 | Create | Villager (Male) |
| 2:55 | Research | Loom |
| 2:56 | Create | Villager (Male) |
| 2:56 | Create | Villager (Male) |
| 2:57 | Create | Villager (Male) |
| 2:57 | Create | Villager (Male) |
| 3:00 | Build | House |
| 4:03 | Create | Villager (Male) |
| 4:34 | Create | Villager (Male) |
| 4:35 | Create | Villager (Male) |
| 5:09 | Build | House |
| 5:10 | Build | House |
| 5:19 | Create | Villager (Male) |
| 5:20 | Create | Villager (Male) |
| 6:01 | Build | Lumber Camp |
| 6:11 | Create | Villager (Male) |
| 6:12 | Create | Villager (Male) |
| 6:12 | Create | Villager (Male) |
| 6:24 | Build | House |
| 7:10 | Build | Palisade Wall |
| 7:32 | Create | Villager (Male) |
| 7:33 | Create | Villager (Male) |
| 7:46 | Create | Villager (Male) |
| 7:46 | Create | Villager (Male) |
| 7:59 | Create | Villager (Male) |
| 7:59 | Create | Villager (Male) |
| 8:25 | Build | Palisade Wall |
| 8:26 | Create | Villager (Male) |
| 8:26 | Create | Villager (Male) |
| 8:35 | Create | Villager (Male) |
| 8:35 | Create | Villager (Male) |
| 9:06 | Create | Villager (Male) |
| 9:06 | Create | Villager (Male) |
| 9:06 | Create | Villager (Male) |
| 9:07 | Create | Villager (Male) |
| 9:31 | Create | Villager (Male) |
| 10:03 | Create | Villager (Male) |
| 10:11 | Build | Mill |
| 10:32 | Create | Villager (Male) |
| 10:59 | Research | Feudal Age |
| 11:50 | Build | Mining Camp |
| 12:19 | Build | Palisade Wall |
| 12:21 | Build | Palisade Wall |
| 12:23 | Build | Palisade Wall |
| 12:25 | Build | Palisade Wall |
| 12:29 | Build | Palisade Wall |
| 12:31 | Build | Palisade Wall |
| 12:39 | Build | House |
| 13:09 | Age | Feudal Age |
| 13:09 | Create | Villager (Male) |
| 13:10 | Create | Villager (Male) |
| 13:10 | Create | Villager (Male) |
| 14:06 | Build | Watch Tower |
| 14:19 | Create | Villager (Male) |
| 14:28 | Build | Market |
| 14:29 | Create | Villager (Male) |
| 14:43 | Create | Villager (Male) |
| 15:27 | Build | Blacksmith |
| 15:29 | Create | Villager (Male) |
| 15:59 | Research | Castle Age |
| 16:49 | Research | Stone Mining |
| 17:28 | Research | Double-Bit Axe |
| 18:00 | Research | Gold Mining |
| 18:40 | Build | House |
| 18:45 | Age | Castle Age |
| 18:47 | Create | Villager (Male) |
| 18:56 | Build | Castle |
| 19:02 | Create | Villager (Male) |
| 19:27 | Create | Villager (Male) |
| 19:49 | Create | Villager (Male) |
| 20:09 | Create | Magyar Huszar |
| 20:09 | Create | Magyar Huszar |
| 20:09 | Create | Magyar Huszar |
| 20:46 | Create | Villager (Male) |
| 20:46 | Create | Villager (Male) |
| 20:57 | Create | Magyar Huszar |
| 20:57 | Create | Magyar Huszar |
| 21:12 | Create | Villager (Male) |
| 21:12 | Create | Villager (Male) |
| 21:12 | Create | Villager (Male) |
| 21:13 | Create | Villager (Male) |
| 21:23 | Create | Villager (Male) |
| 21:27 | Create | Magyar Huszar |
| 21:27 | Create | Magyar Huszar |
| 21:42 | Create | Villager (Male) |
| 21:59 | Create | Magyar Huszar |
| 22:01 | Create | Villager (Male) |
| 22:01 | Create | Villager (Male) |
| 22:02 | Create | Villager (Male) |
| 22:05 | Create | Magyar Huszar |
| 22:05 | Create | Magyar Huszar |
| 22:20 | Create | Magyar Huszar |
| 22:20 | Create | Magyar Huszar |
| 22:33 | Create | Villager (Male) |
| 22:33 | Create | Villager (Male) |
| 22:49 | Create | Villager (Male) |
| 23:14 | Create | Magyar Huszar |
| 23:14 | Create | Magyar Huszar |
| 23:15 | Create | Magyar Huszar |
| 23:24 | Create | Villager (Male) |
| 23:24 | Create | Villager (Male) |
| 23:36 | Build | Mill |
| 23:54 | Create | Magyar Huszar |
| 23:54 | Create | Magyar Huszar |
| 24:06 | Create | Magyar Huszar |
| 24:14 | Create | Magyar Huszar |
| 24:14 | Create | Magyar Huszar |
| 24:23 | Create | Magyar Huszar |
| 24:55 | Create | Magyar Huszar |
| 24:55 | Create | Magyar Huszar |
| 25:00 | Create | Magyar Huszar |
| 25:07 | Create | Villager (Male) |
| 25:08 | Create | Villager (Male) |
| 25:26 | Create | Villager (Male) |
| 25:26 | Create | Villager (Male) |
| 25:50 | Create | Villager (Male) |
| 25:57 | Create | Magyar Huszar |
| 25:57 | Create | Magyar Huszar |
| 26:02 | Create | Magyar Huszar |
| 26:02 | Create | Magyar Huszar |
| 26:02 | Create | Magyar Huszar |
| 26:23 | Create | Villager (Male) |
| 26:24 | Create | Magyar Huszar |
| 26:24 | Create | Magyar Huszar |
| 26:33 | Create | Magyar Huszar |
| 26:33 | Create | Magyar Huszar |
| 26:45 | Create | Magyar Huszar |
| 26:46 | Create | Magyar Huszar |
| 26:56 | Create | Villager (Male) |
| 26:56 | Create | Villager (Male) |
| 26:58 | Create | Magyar Huszar |
Build order — dse
110 actions detected in the replay
| 0:13 | Build | House |
| 0:32 | Build | Town Center |
| 2:30 | Create | Villager (Male) ×4 |
| 3:15 | Build | House |
| 3:29 | Build | House |
| 3:44 | Create | Villager (Male) |
| 4:09 | Create | Villager (Male) |
| 4:27 | Build | Lumber Camp |
| 4:30 | Create | Villager (Male) |
| 4:30 | Create | Villager (Male) |
| 4:44 | Build | House |
| 4:56 | Create | Villager (Male) |
| 5:33 | Create | Villager (Male) |
| 5:34 | Create | Villager (Male) |
| 5:34 | Create | Villager (Male) |
| 6:06 | Create | Villager (Male) |
| 6:26 | Build | House |
| 6:42 | Create | Villager (Male) |
| 6:46 | Create | Villager (Male) |
| 7:00 | Create | Villager (Male) |
| 7:00 | Create | Villager (Male) |
| 7:22 | Create | Villager (Male) |
| 7:29 | Build | House |
| 7:46 | Build | House |
| 8:13 | Build | House |
| 8:16 | Create | Villager (Male) |
| 8:33 | Create | Villager (Male) |
| 9:15 | Build | Mill |
| 9:24 | Build | Dock |
| 9:29 | Create | Villager (Male) |
| 9:57 | Create | Villager (Male) |
| 10:23 | Create | Villager (Male) |
| 10:24 | Research | Loom |
| 10:25 | Research | Feudal Age |
| 10:35 | Build | Mining Camp |
| 10:47 | Create | Fishing Ship |
| 11:20 | Build | House |
| 11:29 | Create | Villager (Male) |
| 11:46 | Create | Villager (Male) |
| 12:29 | Build | Barracks |
| 13:00 | Age | Feudal Age |
| 13:19 | Build | Blacksmith |
| 13:27 | Research | Loom |
| 13:28 | Create | Villager (Male) |
| 13:41 | Build | Palisade Wall |
| 14:11 | Build | Archery Range |
| 14:16 | Build | Palisade Wall |
| 14:25 | Create | Villager (Male) |
| 14:51 | Build | House |
| 14:54 | Research | Castle Age |
| 14:54 | Research | Castle Age |
| 14:58 | Create | Fishing Ship |
| 15:19 | Research | Double-Bit Axe |
| 15:29 | Create | Archer |
| 15:41 | Create | Fishing Ship |
| 16:11 | Build | House |
| 16:13 | Create | Skirmisher |
| 16:14 | Create | Skirmisher |
| 16:17 | Create | Archer |
| 16:25 | Build | Archery Range |
| 16:34 | Research | Fletching |
| 16:39 | Create | Fishing Ship |
| 16:47 | Create | Villager (Male) |
| 17:00 | Create | Archer |
| 17:29 | Build | Palisade Wall |
| 17:32 | Create | Archer |
| 17:42 | Create | Archer |
| 17:46 | Age | Castle Age |
| 17:50 | Research | Bodkin Arrow |
| 18:05 | Create | Villager (Male) |
| 18:05 | Create | Fishing Ship |
| 18:07 | Build | House |
| 18:10 | Build | House |
| 18:24 | Create | Archer |
| 18:28 | Build | House |
| 18:32 | Create | Archer |
| 18:54 | Create | Archer |
| 19:12 | Create | Archer |
| 19:13 | Create | Villager (Male) |
| 19:14 | Create | Villager (Male) |
| 19:40 | Create | Villager (Male) |
| 19:40 | Create | Villager (Male) |
| 19:56 | Build | Farm |
| 19:57 | Build | Farm |
| 19:58 | Build | Farm |
| 19:58 | Create | Fishing Ship |
| 20:06 | Research | Elite Skirmisher (upgrade) |
| 20:09 | Create | Villager (Male) |
| 20:09 | Create | Villager (Male) |
| 20:41 | Build | Fish Trap |
| 20:49 | Create | Skirmisher |
| 20:49 | Create | Skirmisher |
| 20:56 | Create | Villager (Male) |
| 21:01 | Build | Fish Trap |
| 21:12 | Create | Skirmisher |
| 21:12 | Create | Skirmisher |
| 21:15 | Create | Villager (Male) |
| 21:37 | Create | Skirmisher |
| 21:37 | Create | Skirmisher |
| 21:44 | Build | House |
| 21:49 | Build | Fish Trap |
| 22:12 | Build | Fish Trap |
| 22:17 | Create | Villager (Male) |
| 22:29 | Build | Palisade Gate |
| 22:34 | Create | Villager (Male) |
| 22:49 | Build | Fish Trap |
| 22:53 | Build | Fish Trap |
| 23:04 | Create | Villager (Male) |
| 23:28 | Build | House |
| 23:32 | Build | Town Center |
Build order — Cat&Moon
First 150 of 151 actions detected
| 0:22 | Build | Town Center |
| 1:53 | Build | House |
| 2:34 | Build | House |
| 2:46 | Build | House |
| 2:54 | Create | Villager (Male) |
| 2:54 | Create | Villager (Male) |
| 2:55 | Create | Villager (Male) |
| 2:55 | Create | Villager (Male) |
| 3:27 | Build | House |
| 4:12 | Create | Villager (Male) |
| 4:13 | Create | Villager (Male) |
| 4:34 | Create | Villager (Male) |
| 4:34 | Create | Villager (Male) |
| 5:04 | Build | Lumber Camp |
| 5:09 | Create | Villager (Male) |
| 5:09 | Create | Villager (Male) |
| 5:41 | Create | Villager (Male) |
| 6:04 | Create | Villager (Male) |
| 6:04 | Create | Villager (Male) |
| 6:07 | Create | Villager (Male) |
| 6:22 | Build | House |
| 6:39 | Create | Villager (Male) |
| 6:39 | Create | Villager (Male) |
| 6:43 | Create | Villager (Male) |
| 6:43 | Create | Villager (Male) |
| 6:44 | Create | Villager (Male) |
| 7:13 | Create | Villager (Male) |
| 7:13 | Create | Villager (Male) |
| 7:41 | Build | House |
| 7:45 | Build | House |
| 7:52 | Create | Villager (Male) |
| 8:01 | Build | House |
| 8:08 | Create | Villager (Male) |
| 8:08 | Create | Villager (Male) |
| 8:08 | Create | Villager (Male) |
| 8:12 | Build | House |
| 8:20 | Build | House |
| 8:31 | Create | Villager (Male) |
| 8:44 | Build | Mill |
| 9:26 | Create | Villager (Male) |
| 9:26 | Create | Villager (Male) |
| 9:40 | Build | Mining Camp |
| 10:07 | Research | Loom |
| 10:54 | Build | House |
| 11:32 | Research | Feudal Age |
| 11:33 | Research | Feudal Age |
| 11:38 | Build | Palisade Wall |
| 11:40 | Build | Palisade Wall |
| 11:43 | Build | Palisade Wall |
| 11:46 | Build | Palisade Wall |
| 11:49 | Build | Palisade Wall |
| 11:50 | Build | Palisade Wall |
| 11:52 | Build | Palisade Wall |
| 11:53 | Build | Palisade Wall |
| 11:54 | Build | Palisade Wall |
| 11:55 | Build | Palisade Wall |
| 11:56 | Build | Palisade Wall |
| 12:56 | Create | Villager (Male) |
| 13:49 | Age | Feudal Age |
| 13:51 | Build | Market |
| 13:55 | Build | Blacksmith |
| 13:59 | Create | Villager (Male) |
| 14:23 | Build | Palisade Wall |
| 14:24 | Build | Palisade Wall |
| 14:31 | Research | Castle Age |
| 14:31 | Research | Castle Age |
| 14:40 | Build | Outpost |
| 14:43 | Build | Outpost |
| 14:48 | Build | Mining Camp |
| 15:24 | Build | Palisade Wall |
| 15:28 | Build | Palisade Wall |
| 15:30 | Build | Palisade Wall |
| 15:37 | Build | House |
| 15:40 | Build | House |
| 15:46 | Build | Palisade Wall |
| 15:47 | Build | Palisade Wall |
| 15:48 | Build | Palisade Wall |
| 15:49 | Build | Palisade Wall |
| 15:50 | Build | Palisade Wall |
| 15:52 | Build | Palisade Wall |
| 15:53 | Build | Palisade Wall |
| 15:53 | Build | Palisade Wall |
| 15:54 | Build | Palisade Wall |
| 16:03 | Build | Palisade Wall |
| 16:31 | Research | Double-Bit Axe |
| 16:32 | Research | Double-Bit Axe |
| 17:09 | Create | Villager (Male) |
| 17:09 | Create | Villager (Male) |
| 17:09 | Create | Villager (Male) |
| 17:19 | Age | Castle Age |
| 17:25 | Build | Town Center |
| 17:48 | Create | Villager (Male) |
| 17:48 | Create | Villager (Male) |
| 17:56 | Build | Palisade Wall |
| 17:59 | Build | Palisade Wall |
| 18:10 | Build | Palisade Wall |
| 18:50 | Create | Villager (Male) |
| 18:50 | Create | Villager (Male) |
| 19:08 | Create | Villager (Male) |
| 19:08 | Create | Villager (Male) |
| 19:23 | Create | Villager (Male) |
| 19:27 | Build | House |
| 19:29 | Build | Palisade Wall |
| 19:36 | Create | Villager (Male) |
| 19:37 | Create | Villager (Male) |
| 19:37 | Create | Villager (Male) |
| 19:40 | Create | Villager (Male) |
| 19:41 | Create | Villager (Male) |
| 19:41 | Create | Villager (Male) |
| 19:56 | Create | Villager (Male) |
| 19:57 | Create | Villager (Male) |
| 20:07 | Create | Villager (Male) |
| 20:07 | Create | Villager (Male) |
| 20:28 | Build | Castle |
| 21:00 | Build | House |
| 21:03 | Build | Palisade Wall |
| 21:08 | Build | Palisade Wall |
| 21:10 | Build | Palisade Wall |
| 21:31 | Create | Conquistador |
| 21:31 | Create | Conquistador |
| 21:32 | Create | Conquistador |
| 21:32 | Create | Conquistador |
| 21:55 | Build | Mill |
| 22:09 | Create | Villager (Male) |
| 23:04 | Create | Villager (Male) |
| 23:04 | Create | Villager (Male) |
| 23:09 | Create | Villager (Male) |
| 23:09 | Create | Villager (Male) |
| 23:09 | Create | Villager (Male) |
| 23:10 | Create | Villager (Male) |
| 23:18 | Create | Villager (Male) |
| 23:18 | Create | Villager (Male) |
| 23:26 | Build | Siege Workshop |
| 23:34 | Create | Villager (Male) |
| 23:34 | Create | Villager (Male) |
| 24:33 | Create | Conquistador |
| 24:34 | Create | Villager (Male) |
| 24:35 | Create | Villager (Male) |
| 24:56 | Create | Villager (Male) |
| 24:57 | Create | Villager (Male) |
| 24:57 | Create | Villager (Male) |
| 25:35 | Build | Town Center |
| 25:39 | Create | Villager (Male) |
| 25:39 | Create | Villager (Male) |
| 25:39 | Create | Villager (Male) |
| 26:02 | Build | Town Center |
| 26:13 | Create | Villager (Male) |
| 26:13 | Create | Villager (Male) |
| 26:13 | Create | Villager (Male) |
| 26:36 | Create | Villager (Male) |
Build order — Jwappa
114 actions detected in the replay
| 0:16 | Build | Town Center |
| 2:23 | Create | Villager (Male) |
| 2:23 | Create | Villager (Male) |
| 2:23 | Create | Villager (Male) |
| 2:23 | Create | Villager (Male) |
| 2:24 | Create | Villager (Male) |
| 2:25 | Build | House |
| 3:28 | Create | Villager (Male) |
| 3:58 | Research | Loom |
| 4:03 | Create | Villager (Male) |
| 4:04 | Create | Villager (Male) |
| 4:04 | Create | Villager (Male) |
| 4:07 | Build | House |
| 4:22 | Build | House |
| 4:25 | Build | Palisade Wall |
| 4:28 | Build | House |
| 4:35 | Create | Villager (Male) |
| 4:35 | Create | Villager (Male) |
| 4:37 | Build | Settlement |
| 4:47 | Create | Villager (Male) |
| 4:47 | Create | Villager (Male) |
| 5:25 | Create | Villager (Male) |
| 5:25 | Create | Villager (Male) |
| 5:53 | Create | Villager (Male) |
| 5:53 | Create | Villager (Male) |
| 5:53 | Create | Villager (Male) |
| 6:23 | Create | Villager (Male) |
| 6:24 | Create | Villager (Male) |
| 6:24 | Create | Villager (Male) |
| 6:40 | Build | Settlement |
| 7:10 | Create | Villager (Male) |
| 7:30 | Create | Villager (Male) |
| 7:30 | Create | Villager (Male) |
| 7:30 | Create | Villager (Male) |
| 8:07 | Create | Villager (Male) |
| 8:07 | Create | Villager (Male) |
| 8:25 | Create | Villager (Male) |
| 8:35 | Build | House |
| 8:42 | Create | Villager (Male) |
| 9:34 | Create | Villager (Male) |
| 9:42 | Create | Villager (Male) |
| 9:59 | Build | Settlement |
| 10:10 | Create | Villager (Male) |
| 10:30 | Build | House |
| 11:08 | Build | Dock |
| 11:26 | Research | Feudal Age |
| 11:51 | Create | Fishing Ship |
| 13:14 | Create | Fishing Ship |
| 13:48 | Create | Fishing Ship |
| 14:08 | Age | Feudal Age |
| 14:10 | Build | Market |
| 14:12 | Build | Blacksmith |
| 14:17 | Create | Villager (Male) |
| 14:17 | Create | Villager (Male) |
| 15:17 | Research | Castle Age |
| 15:38 | Create | Fishing Ship |
| 15:45 | Build | Fish Trap |
| 16:12 | Build | House |
| 16:24 | Research | Double-Bit Axe |
| 16:28 | Build | House |
| 16:36 | Create | Transport Ship |
| 16:47 | Build | Fish Trap |
| 16:56 | Create | Fishing Ship |
| 17:38 | Create | Villager (Male) |
| 17:46 | Build | Fish Trap |
| 17:51 | Create | Fishing Ship |
| 17:57 | Age | Castle Age |
| 18:03 | Build | Castle |
| 18:19 | Create | Villager (Male) |
| 18:24 | Research | Fletching |
| 18:41 | Build | Fish Trap |
| 18:57 | Create | Villager (Male) |
| 18:58 | Research | Bodkin Arrow |
| 19:07 | Create | Unit 2579 |
| 19:07 | Create | Unit 2579 |
| 19:21 | Create | Villager (Male) |
| 19:22 | Create | Villager (Male) |
| 19:34 | Build | Fish Trap |
| 19:41 | Create | Unit 2579 |
| 19:41 | Create | Unit 2579 |
| 19:43 | Create | Villager (Male) |
| 19:43 | Create | Villager (Male) |
| 19:48 | Create | Unit 2579 |
| 19:57 | Build | Town Center |
| 20:02 | Create | Villager (Male) |
| 20:12 | Create | Villager (Male) |
| 20:17 | Build | House |
| 20:29 | Create | Unit 2579 |
| 20:29 | Create | Unit 2579 |
| 20:35 | Create | Unit 2579 |
| 20:35 | Create | Unit 2579 |
| 20:45 | Create | Villager (Male) |
| 20:45 | Create | Villager (Male) |
| 21:08 | Create | Villager (Male) |
| 21:20 | Build | Dock |
| 21:23 | Create | Villager (Male) |
| 21:26 | Build | Farm |
| 21:26 | Build | Farm |
| 21:27 | Build | Farm |
| 21:30 | Create | Villager (Male) |
| 21:30 | Create | Villager (Male) |
| 21:48 | Create | Villager (Male) |
| 21:48 | Create | Villager (Male) |
| 22:14 | Create | Villager (Male) |
| 22:14 | Create | Villager (Male) |
| 22:16 | Create | Villager (Male) ×2 |
| 22:17 | Create | Villager (Male) |
| 22:31 | Create | Villager (Male) |
| 22:31 | Create | Villager (Male) |
| 22:35 | Build | University |
| 22:36 | Build | House |
| 22:57 | Create | Villager (Male) ×2 |
| 23:15 | Create | Villager (Male) |
| 23:15 | Create | Villager (Male) |
Build order — chuoi
First 150 of 186 actions detected
| 0:45 | Build | Town Center |
| 2:43 | Create | Villager (Male) |
| 2:43 | Create | Villager (Male) |
| 2:43 | Create | Villager (Male) |
| 2:43 | Create | Villager (Male) |
| 2:49 | Build | House |
| 3:37 | Build | House |
| 3:39 | Build | Palisade Wall |
| 3:44 | Create | Villager (Male) |
| 4:23 | Create | Villager (Male) |
| 4:23 | Create | Villager (Male) |
| 4:38 | Build | Lumber Camp |
| 4:56 | Create | Villager (Male) |
| 5:33 | Create | Villager (Male) |
| 5:55 | Build | House |
| 6:02 | Create | Villager (Male) |
| 6:12 | Create | Villager (Male) |
| 6:29 | Build | House |
| 6:45 | Create | Villager (Male) |
| 7:06 | Create | Villager (Male) |
| 7:06 | Create | Villager (Male) |
| 7:24 | Create | Villager (Male) |
| 7:25 | Create | Villager (Male) |
| 7:41 | Create | Villager (Male) |
| 7:41 | Create | Villager (Male) |
| 7:48 | Build | Dock |
| 8:02 | Build | House |
| 8:05 | Build | Palisade Wall |
| 8:09 | Build | Palisade Wall |
| 8:20 | Create | Fishing Ship |
| 8:21 | Create | Villager (Male) |
| 8:44 | Create | Villager (Male) |
| 8:58 | Create | Fishing Ship |
| 8:58 | Create | Fishing Ship |
| 9:19 | Create | Villager (Male) |
| 9:30 | Create | Villager (Male) |
| 9:31 | Create | Fishing Ship |
| 9:54 | Build | House |
| 10:06 | Create | Villager (Male) |
| 10:22 | Create | Villager (Male) |
| 10:27 | Build | Mill |
| 10:49 | Create | Villager (Male) |
| 11:02 | Create | Fishing Ship |
| 11:23 | Research | Feudal Age |
| 11:32 | Build | House |
| 11:34 | Build | Palisade Wall |
| 11:55 | Build | Mining Camp |
| 12:03 | Build | Palisade Wall |
| 12:07 | Build | Palisade Wall |
| 12:19 | Build | Palisade Wall |
| 12:22 | Build | Palisade Wall |
| 12:24 | Create | Fishing Ship |
| 12:30 | Build | Palisade Wall |
| 12:31 | Create | Villager (Male) |
| 12:37 | Build | Palisade Wall |
| 12:40 | Build | Palisade Wall |
| 12:41 | Build | Palisade Wall |
| 12:42 | Build | Palisade Wall |
| 13:20 | Create | Villager (Male) |
| 13:38 | Age | Feudal Age |
| 13:47 | Create | Villager (Male) |
| 13:59 | Build | Blacksmith |
| 14:15 | Build | Market |
| 14:18 | Build | Palisade Wall |
| 15:03 | Create | Trade Cart |
| 15:07 | Research | Castle Age |
| 15:13 | Build | Mining Camp |
| 15:29 | Research | Double-Bit Axe |
| 15:40 | Research | Tech 906 |
| 15:41 | Create | Villager (Male) |
| 16:10 | Build | House |
| 16:12 | Build | Palisade Wall |
| 16:15 | Build | Palisade Wall |
| 16:16 | Build | Palisade Wall |
| 16:20 | Build | Palisade Wall |
| 16:27 | Create | Fishing Ship |
| 16:39 | Create | Villager (Male) |
| 17:12 | Build | Palisade Wall |
| 17:13 | Build | Palisade Wall |
| 17:15 | Build | Palisade Wall |
| 17:20 | Build | House |
| 17:23 | Build | Palisade Wall |
| 17:24 | Build | House |
| 17:25 | Build | Palisade Wall |
| 17:32 | Create | Villager (Male) |
| 17:47 | Age | Castle Age |
| 17:49 | Build | Fish Trap |
| 17:50 | Create | Villager (Male) |
| 18:01 | Research | Loom |
| 18:07 | Build | Castle |
| 18:13 | Create | Villager (Male) |
| 18:25 | Create | Villager (Male) |
| 18:32 | Research | Gillnets |
| 18:39 | Create | Villager (Male) |
| 18:46 | Create | Villager (Male) |
| 19:03 | Build | Siege Workshop |
| 19:11 | Create | Villager (Male) |
| 19:26 | Build | Fish Trap |
| 19:27 | Create | Villager (Male) |
| 19:31 | Create | Rattan Archer |
| 19:31 | Create | Rattan Archer |
| 19:43 | Research | Fletching |
| 19:44 | Research | Fletching |
| 19:49 | Build | Fish Trap |
| 19:51 | Build | Fish Trap |
| 19:54 | Build | Fish Trap |
| 20:04 | Create | Rattan Archer |
| 20:13 | Build | Fish Trap |
| 20:14 | Create | Villager (Male) |
| 20:17 | Create | Rattan Archer |
| 20:30 | Create | Rattan Archer |
| 20:37 | Create | Villager (Male) |
| 20:43 | Create | Villager (Male) |
| 20:46 | Research | Bow Saw |
| 20:58 | Build | Mill |
| 21:03 | Create | Rattan Archer |
| 21:04 | Create | Fishing Ship |
| 21:05 | Create | Villager (Male) |
| 21:22 | Build | Lumber Camp |
| 21:33 | Create | Rattan Archer |
| 21:34 | Create | Villager (Male) |
| 21:43 | Create | Villager (Male) |
| 21:45 | Create | Fishing Ship |
| 21:56 | Build | Fish Trap |
| 22:00 | Create | Rattan Archer |
| 22:01 | Create | Rattan Archer |
| 22:07 | Create | Villager (Male) |
| 22:13 | Create | Fishing Ship |
| 22:29 | Create | Villager (Male) |
| 22:41 | Build | Town Center |
| 22:45 | Create | Villager (Male) |
| 22:50 | Build | Stone Wall |
| 22:56 | Build | Gate |
| 22:59 | Create | Rattan Archer |
| 23:00 | Create | Mangonel |
| 23:01 | Create | Mangonel |
| 23:01 | Create | Mangonel |
| 23:04 | Create | Villager (Male) |
| 23:15 | Build | Outpost |
| 23:18 | Research | Town Watch |
| 23:18 | Research | Town Watch |
| 23:25 | Build | Fish Trap |
| 23:30 | Create | Villager (Male) |
| 23:38 | Build | Fish Trap |
| 23:39 | Create | Villager (Male) |
| 23:43 | Create | Villager (Male) |
| 23:53 | Build | House |
| 23:55 | Create | Villager (Male) |
| 24:21 | Create | Mangonel |
| 24:23 | Build | House |
Build order — Rgeadn
102 actions detected in the replay
| 0:05 | Build | Town Center |
| 1:05 | Build | Lumber Camp |
| 1:08 | Build | House |
| 1:13 | Build | Palisade Wall |
| 1:16 | Build | Palisade Wall |
| 2:39 | Create | Villager (Male) |
| 2:39 | Create | Villager (Male) |
| 2:40 | Create | Villager (Male) |
| 2:40 | Create | Villager (Male) |
| 3:54 | Build | House |
| 4:04 | Create | Villager (Male) |
| 4:05 | Create | Villager (Male) |
| 4:38 | Create | Villager (Male) |
| 5:00 | Create | Villager (Male) |
| 5:00 | Create | Villager (Male) |
| 5:19 | Build | Lumber Camp |
| 5:30 | Create | Villager (Male) |
| 5:31 | Create | Villager (Male) |
| 5:37 | Research | Loom |
| 5:37 | Research | Loom |
| 5:55 | Create | Villager (Male) |
| 5:55 | Create | Villager (Male) |
| 6:01 | Build | Palisade Wall |
| 6:13 | Create | Villager (Male) |
| 6:13 | Create | Villager (Male) |
| 6:30 | Build | House |
| 7:02 | Create | Villager (Male) |
| 7:16 | Build | Palisade Wall |
| 7:58 | Create | Villager (Male) |
| 8:30 | Create | Villager (Male) |
| 8:34 | Build | Mill |
| 8:55 | Create | Villager (Male) |
| 8:56 | Build | House |
| 9:16 | Build | Palisade Wall |
| 9:21 | Build | Palisade Wall |
| 9:24 | Create | Villager (Male) |
| 9:26 | Build | Palisade Wall |
| 9:29 | Build | Palisade Wall |
| 9:33 | Build | Palisade Wall |
| 9:39 | Build | Palisade Wall |
| 9:47 | Create | Villager (Male) |
| 9:53 | Build | Palisade Wall |
| 10:08 | Build | Palisade Wall |
| 10:43 | Research | Feudal Age |
| 10:54 | Build | Barracks |
| 11:33 | Create | Villager (Male) |
| 12:02 | Create | Villager (Male) |
| 12:10 | Build | House |
| 12:53 | Age | Feudal Age |
| 13:00 | Build | Stone Wall |
| 13:06 | Build | Stable |
| 13:17 | Create | Villager (Male) |
| 13:21 | Build | Stone Wall |
| 13:28 | Research | Double-Bit Axe |
| 13:28 | Research | Double-Bit Axe |
| 13:34 | Build | Stone Wall |
| 13:38 | Create | Villager (Male) |
| 13:41 | Research | Horse Collar |
| 13:41 | Research | Horse Collar |
| 13:56 | Create | Scout Cavalry |
| 13:57 | Create | Scout Cavalry |
| 13:59 | Create | Villager (Male) |
| 14:18 | Build | Mining Camp |
| 14:22 | Create | Scout Cavalry |
| 14:26 | Build | House |
| 14:27 | Create | Villager (Male) |
| 14:34 | Create | Spearman |
| 14:39 | Build | Mill |
| 14:45 | Build | House |
| 14:48 | Create | Villager (Male) |
| 15:12 | Build | Watch Tower |
| 15:15 | Create | Villager (Male) |
| 15:24 | Create | Villager (Male) |
| 15:34 | Create | Scout Cavalry |
| 16:12 | Create | Villager (Male) |
| 16:14 | Build | Stone Wall |
| 16:15 | Build | Stone Wall |
| 16:16 | Build | Stone Wall |
| 16:17 | Build | Stone Wall |
| 16:26 | Create | Villager (Male) |
| 16:34 | Build | Mill |
| 16:38 | Create | Villager (Male) |
| 17:03 | Create | Scout Cavalry |
| 17:14 | Create | Villager (Male) |
| 17:26 | Create | Villager (Male) |
| 17:34 | Build | Watch Tower |
| 17:36 | Create | Villager (Male) |
| 17:49 | Create | Villager (Male) |
| 18:13 | Create | Villager (Male) |
| 18:21 | Create | Villager (Male) |
| 18:26 | Create | Villager (Male) |
| 18:45 | Build | Watch Tower |
| 19:00 | Create | Villager (Male) |
| 19:15 | Build | Stone Wall |
| 19:28 | Create | Villager (Male) |
| 19:38 | Build | Market |
| 20:40 | Build | Watch Tower |
| 20:41 | Research | Castle Age |
| 20:41 | Research | Castle Age |
| 21:28 | Build | Lumber Camp |
| 22:23 | Build | Watch Tower |
| 22:50 | Build | Town Center |
Build order — CoSchiDo
125 actions detected in the replay
| 0:16 | Build | Town Center |
| 1:08 | Build | House |
| 2:08 | Build | House |
| 2:31 | Create | Villager (Male) |
| 2:31 | Create | Villager (Male) |
| 2:32 | Create | Villager (Male) |
| 2:55 | Create | Villager (Male) |
| 3:18 | Build | Lumber Camp |
| 3:42 | Create | Villager (Male) |
| 4:28 | Create | Villager (Male) |
| 4:28 | Create | Villager (Male) |
| 4:44 | Create | Villager (Male) |
| 4:58 | Create | Villager (Male) |
| 5:42 | Create | Villager (Male) |
| 5:42 | Create | Villager (Male) |
| 6:11 | Build | House |
| 6:15 | Build | House |
| 6:35 | Create | Villager (Male) |
| 6:36 | Create | Villager (Male) |
| 7:03 | Create | Villager (Male) |
| 7:57 | Build | Mill |
| 7:58 | Create | Villager (Male) |
| 8:14 | Build | House |
| 8:23 | Create | Villager (Male) |
| 8:38 | Create | Villager (Male) |
| 8:50 | Create | Villager (Male) |
| 9:32 | Create | Villager (Male) |
| 9:54 | Build | Mining Camp |
| 10:01 | Research | Feudal Age |
| 10:15 | Create | Villager (Male) |
| 10:17 | Build | Barracks |
| 11:21 | Age | Feudal Age |
| 11:26 | Build | Archery Range |
| 11:42 | Create | Villager (Male) |
| 11:51 | Build | House |
| 11:58 | Create | Spearman |
| 12:09 | Create | Villager (Male) |
| 12:15 | Build | House |
| 12:27 | Create | Villager (Male) |
| 12:32 | Research | Loom |
| 12:34 | Create | Archer |
| 12:51 | Research | Double-Bit Axe |
| 12:59 | Create | Villager (Male) |
| 13:06 | Create | Archer |
| 13:23 | Create | Villager (Male) |
| 13:52 | Create | Villager (Male) |
| 14:00 | Build | Blacksmith |
| 14:02 | Create | Archer |
| 14:08 | Create | Villager (Male) |
| 14:34 | Create | Villager (Male) |
| 14:43 | Research | Fletching |
| 15:07 | Create | Villager (Male) |
| 15:28 | Create | Villager (Male) |
| 15:32 | Build | House |
| 15:39 | Build | Mill |
| 15:47 | Create | Villager (Male) |
| 16:04 | Build | House |
| 16:41 | Build | Lumber Camp |
| 16:47 | Research | Castle Age |
| 17:03 | Create | Villager (Male) |
| 17:04 | Create | Archer |
| 17:25 | Create | Villager (Male) |
| 17:37 | Build | House |
| 17:39 | Create | Archer |
| 17:42 | Build | Archery Range |
| 18:17 | Create | Archer |
| 18:18 | Create | Archer |
| 18:23 | Age | Castle Age |
| 18:25 | Research | Bodkin Arrow |
| 18:28 | Research | Crossbowman (upgrade) |
| 18:47 | Research | Crossbowman (upgrade) |
| 18:49 | Create | Archer |
| 18:53 | Create | Archer |
| 19:12 | Create | Villager (Male) |
| 19:29 | Create | Villager (Male) |
| 19:32 | Create | Archer |
| 19:36 | Build | University |
| 20:09 | Create | Villager (Male) |
| 20:10 | Create | Archer |
| 20:10 | Create | Archer |
| 20:18 | Create | Villager (Male) |
| 20:26 | Create | Spearman |
| 20:37 | Build | Mining Camp |
| 20:46 | Create | Spearman |
| 20:48 | Create | Archer |
| 20:48 | Create | Archer |
| 21:08 | Create | Villager (Male) |
| 21:09 | Create | Archer |
| 21:20 | Build | Town Center |
| 21:25 | Create | Archer |
| 21:33 | Create | Villager (Male) |
| 21:37 | Build | House |
| 21:38 | Build | House |
| 21:44 | Create | Villager (Male) |
| 21:45 | Create | Archer |
| 22:20 | Create | Villager (Male) |
| 22:28 | Create | Villager (Male) |
| 22:49 | Create | Villager (Male) |
| 22:59 | Create | Villager (Male) |
| 23:01 | Create | Archer |
| 23:01 | Create | Archer |
| 23:06 | Create | Villager (Male) |
| 23:26 | Create | Villager (Male) |
| 23:36 | Build | Palisade Wall |
| 23:41 | Build | Palisade Wall |
| 23:45 | Build | Palisade Wall |
| 23:46 | Create | Villager (Male) |
| 23:58 | Research | Ballistics |
| 23:59 | Create | Villager (Male) |
| 24:00 | Create | Archer |
| 24:00 | Create | Archer |
| 24:08 | Build | House |
| 24:12 | Build | Farm |
| 24:30 | Create | Archer ×5 |
| 24:34 | Build | Farm |
| 25:35 | Create | Archer |
| 25:35 | Create | Archer |
| 25:36 | Create | Archer |
| 25:41 | Build | Farm |
| 25:49 | Create | Archer |
| 25:49 | Create | Archer |
| 26:03 | Create | Villager (Male) |
| 26:05 | Create | Villager (Male) |
| 26:49 | Create | Archer |
| 26:50 | Create | Archer |
Build order — Mr.Bean
129 actions detected in the replay
| 0:26 | Build | Town Center |
| 1:57 | Build | House |
| 2:33 | Create | Villager (Male) |
| 2:33 | Create | Villager (Male) |
| 2:34 | Create | Villager (Male) |
| 2:34 | Create | Villager (Male) |
| 2:34 | Create | Villager (Male) |
| 2:51 | Build | House |
| 3:47 | Create | Villager (Male) |
| 3:47 | Create | Villager (Male) |
| 4:08 | Create | Villager (Male) |
| 4:09 | Create | Villager (Male) |
| 4:18 | Build | House |
| 4:27 | Create | Villager (Male) |
| 4:27 | Create | Villager (Male) |
| 4:43 | Build | Lumber Camp |
| 5:17 | Create | Villager (Male) |
| 5:17 | Create | Villager (Male) |
| 5:17 | Create | Villager (Male) |
| 5:50 | Create | Villager (Male) |
| 5:50 | Create | Villager (Male) |
| 5:50 | Create | Villager (Male) |
| 5:59 | Build | House |
| 6:07 | Create | Villager (Male) |
| 6:07 | Create | Villager (Male) |
| 6:21 | Build | House |
| 6:31 | Build | House |
| 6:46 | Build | House |
| 7:04 | Create | Villager (Male) |
| 7:04 | Create | Villager (Male) |
| 7:30 | Create | Villager (Male) |
| 7:30 | Create | Villager (Male) |
| 7:32 | Create | Villager (Male) |
| 7:32 | Create | Villager (Male) |
| 7:32 | Create | Villager (Male) |
| 7:33 | Create | Villager (Male) |
| 7:51 | Build | House |
| 7:59 | Create | Villager (Male) |
| 7:59 | Create | Villager (Male) |
| 8:30 | Create | Villager (Male) |
| 9:13 | Build | Mining Camp |
| 10:04 | Research | Feudal Age |
| 10:22 | Build | Mill |
| 10:58 | Build | Mining Camp |
| 11:08 | Build | House |
| 12:36 | Create | Villager (Male) |
| 12:38 | Age | Feudal Age |
| 12:42 | Build | Market |
| 13:05 | Create | Villager (Male) |
| 13:25 | Create | Villager (Male) |
| 13:32 | Build | Blacksmith |
| 13:34 | Build | Palisade Wall |
| 13:58 | Research | Castle Age |
| 14:14 | Research | Double-Bit Axe |
| 14:15 | Research | Double-Bit Axe |
| 14:24 | Build | House |
| 14:48 | Build | House |
| 14:53 | Build | Palisade Wall |
| 14:54 | Build | Palisade Wall |
| 14:55 | Build | Palisade Wall |
| 14:56 | Build | Palisade Wall |
| 14:56 | Build | Palisade Wall |
| 15:12 | Research | Loom |
| 15:12 | Research | Loom |
| 15:45 | Build | Barracks |
| 15:52 | Create | Villager (Male) |
| 16:18 | Create | Spearman |
| 16:18 | Create | Spearman |
| 16:19 | Create | Spearman |
| 16:38 | Age | Castle Age |
| 17:05 | Build | Castle |
| 17:08 | Build | Castle |
| 17:20 | Create | Villager (Male) |
| 17:21 | Create | Villager (Male) |
| 17:21 | Create | Villager (Male) |
| 17:23 | Build | Palisade Wall |
| 17:23 | Build | Palisade Wall |
| 17:25 | Build | Palisade Wall |
| 17:37 | Build | Palisade Wall |
| 17:38 | Build | Palisade Wall |
| 17:45 | Build | Mining Camp |
| 17:52 | Research | Fletching |
| 17:52 | Research | Fletching |
| 18:04 | Build | Palisade Wall |
| 18:07 | Create | Villager (Male) |
| 18:10 | Build | Palisade Wall |
| 18:14 | Build | Palisade Wall |
| 18:16 | Create | Villager (Male) |
| 18:16 | Create | Villager (Male) |
| 18:21 | Create | Villager (Male) |
| 18:51 | Create | Villager (Male) |
| 19:08 | Create | Villager (Male) |
| 19:26 | Research | Bodkin Arrow |
| 19:26 | Research | Bodkin Arrow |
| 19:59 | Build | Palisade Gate |
| 20:06 | Create | Villager (Male) |
| 20:06 | Create | Villager (Male) |
| 20:06 | Create | Villager (Male) |
| 20:10 | Create | Mangudai |
| 20:10 | Create | Mangudai |
| 20:11 | Create | Mangudai |
| 20:18 | Create | Villager (Male) |
| 20:18 | Create | Villager (Male) |
| 20:21 | Create | Villager (Male) |
| 20:22 | Build | Farm |
| 20:23 | Build | Farm |
| 20:23 | Build | Farm |
| 20:32 | Create | Mangudai |
| 20:58 | Create | Villager (Male) |
| 21:13 | Create | Mangudai |
| 21:14 | Create | Villager (Male) |
| 21:27 | Create | Mangudai |
| 21:37 | Create | Mangudai |
| 22:01 | Research | Bow Saw |
| 22:07 | Create | Mangudai |
| 22:22 | Create | Mangudai |
| 22:32 | Create | Mangudai |
| 23:06 | Create | Mangudai |
| 23:06 | Create | Villager (Male) ×4 |
| 23:31 | Build | Town Center |
| 23:53 | Create | Villager (Male) |
| 24:14 | Create | Villager (Male) |
| 24:15 | Create | Villager (Male) |
| 24:15 | Create | Villager (Male) |
| 26:03 | Build | Farm |
| 26:03 | Build | Farm |
| 26:04 | Build | Farm |
| 26:04 | Build | Farm |
| 26:08 | Create | Mangudai |
Match timeline
| 1:13 | Rgeadn · wall_segment Palisade Wall x1 |
| 1:16 | Rgeadn · wall_segment Palisade Wall x1 |
| 3:39 | chuoi · wall_segment Palisade Wall x1 |
| 4:25 | Jwappa · wall_segment Palisade Wall x1 |
| 6:01 | Rgeadn · wall_segment Palisade Wall x1 |
| 7:10 | 彪德西 · wall_segment Palisade Wall x11 |
| 7:16 | Rgeadn · wall_segment Palisade Wall x1 |
| 7:48 | chuoi · first_building Dock |
| 8:05 | chuoi · wall_segment Palisade Wall x1 |
| 8:09 | chuoi · wall_segment Palisade Wall x5 |
| 8:25 | 彪德西 · wall_segment Palisade Wall x17 |
| 9:16 | Rgeadn · wall_segment Palisade Wall x1 |
| 9:21 | Rgeadn · wall_segment Palisade Wall x1 |
| 9:24 | dse · first_building Dock |
| 9:26 | Rgeadn · wall_segment Palisade Wall x1 |
| 9:29 | Rgeadn · wall_segment Palisade Wall x1 |
| 9:33 | Rgeadn · wall_segment Palisade Wall x1 |
| 9:39 | Rgeadn · wall_segment Palisade Wall x1 |
| 9:53 | Rgeadn · wall_segment Palisade Wall x1 |
| 10:08 | Rgeadn · wall_segment Palisade Wall x1 |
| 10:17 | CoSchiDo · first_building Barracks |
| 10:54 | Rgeadn · first_building Barracks |
| 11:08 | Jwappa · first_building Dock |
| 11:21 | CoSchiDo · age_up feudal |
| 11:26 | CoSchiDo · first_building Archery Range |
| 11:34 | chuoi · wall_segment Palisade Wall x1 |
| 11:38 | Cat&Moon · wall_segment Palisade Wall x1 |
| 11:40 | Cat&Moon · wall_segment Palisade Wall x1 |
| 11:43 | Cat&Moon · wall_segment Palisade Wall x2 |
| 11:46 | Cat&Moon · wall_segment Palisade Wall x1 |
| 11:49 | Cat&Moon · wall_segment Palisade Wall x1 |
| 11:50 | Cat&Moon · wall_segment Palisade Wall x1 |
| 11:52 | Cat&Moon · wall_segment Palisade Wall x1 |
| 11:53 | Cat&Moon · wall_segment Palisade Wall x1 |
| 11:54 | Cat&Moon · wall_segment Palisade Wall x1 |
| 11:55 | Cat&Moon · wall_segment Palisade Wall x1 |
| 11:56 | Cat&Moon · wall_segment Palisade Wall x1 |
| 12:03 | chuoi · wall_segment Palisade Wall x1 |
| 12:07 | chuoi · wall_segment Palisade Wall x1 |
| 12:19 | chuoi · wall_segment Palisade Wall x1 |
| 12:19 | 彪德西 · wall_segment Palisade Wall x2 |
| 12:21 | 彪德西 · wall_segment Palisade Wall x4 |
| 12:22 | chuoi · wall_segment Palisade Wall x1 |
| 12:23 | 彪德西 · wall_segment Palisade Wall x1 |
| 12:25 | 彪德西 · wall_segment Palisade Wall x4 |
| 12:29 | 彪德西 · wall_segment Palisade Wall x6 |
| 12:29 | dse · first_building Barracks |
| 12:30 | chuoi · wall_segment Palisade Wall x1 |
| 12:31 | 彪德西 · wall_segment Palisade Wall x9 |
| 12:37 | chuoi · wall_segment Palisade Wall x1 |
| 12:38 | Mr.Bean · age_up feudal |
| 12:40 | chuoi · wall_segment Palisade Wall x1 |
| 12:41 | chuoi · wall_segment Palisade Wall x1 |
| 12:42 | chuoi · wall_segment Palisade Wall x1 |
| 12:53 | Rgeadn · age_up feudal |
| 13:00 | Rgeadn · wall_segment Stone Wall x32 |
| 13:00 | dse · age_up feudal |
| 13:06 | Rgeadn · first_building Stable |
| 13:09 | 彪德西 · age_up feudal |
| 13:21 | Rgeadn · wall_segment Stone Wall x8 |
| 13:34 | Mr.Bean · wall_segment Palisade Wall x4 |
| 13:34 | Rgeadn · wall_segment Stone Wall x6 |
| 13:38 | chuoi · age_up feudal |
| 13:41 | dse · wall_segment Palisade Wall x5 |
| 13:49 | Cat&Moon · age_up feudal |
| 13:58 | Mr.Bean · first_market_sell 100 stone |
| 14:08 | Jwappa · age_up feudal |
| 14:11 | dse · first_building Archery Range |
| 14:16 | dse · wall_segment Palisade Wall x6 |
| 14:18 | chuoi · wall_segment Palisade Wall x1 |
| 14:23 | Cat&Moon · wall_segment Palisade Wall x1 |
| 14:24 | Cat&Moon · wall_segment Palisade Wall x1 |
| 14:53 | Mr.Bean · wall_segment Palisade Wall x1 |
| 14:54 | Mr.Bean · wall_segment Palisade Wall x1 |
| 14:55 | Mr.Bean · wall_segment Palisade Wall x1 |
| 14:56 | Mr.Bean · wall_segment Palisade Wall x1 |
| 14:56 | Mr.Bean · wall_segment Palisade Wall x1 |
| 15:06 | chuoi · first_market_sell 100 stone |
| 15:07 | Jwappa · first_market_sell 100 wood |
| 15:08 | Jwappa · first_market_buy 100 food |
| 15:24 | Cat&Moon · wall_segment Palisade Wall x1 |
| 15:28 | Cat&Moon · wall_segment Palisade Wall x1 |
| 15:30 | Cat&Moon · wall_segment Palisade Wall x1 |
| 15:45 | Mr.Bean · first_building Barracks |
| 15:46 | Cat&Moon · wall_segment Palisade Wall x1 |
| 15:47 | Cat&Moon · wall_segment Palisade Wall x1 |
| 15:48 | Cat&Moon · wall_segment Palisade Wall x1 |
| 15:49 | Cat&Moon · wall_segment Palisade Wall x1 |
| 15:50 | Cat&Moon · wall_segment Palisade Wall x1 |
| 15:52 | Cat&Moon · wall_segment Palisade Wall x1 |
| 15:53 | Cat&Moon · wall_segment Palisade Wall x1 |
| 15:53 | Cat&Moon · wall_segment Palisade Wall x1 |
| 15:54 | Cat&Moon · wall_segment Palisade Wall x1 |
| 16:03 | Cat&Moon · wall_segment Palisade Wall x1 |
| 16:12 | chuoi · wall_segment Palisade Wall x2 |
| 16:14 | Rgeadn · wall_segment Stone Wall x2 |
| 16:15 | Rgeadn · wall_segment Stone Wall x3 |
| 16:15 | chuoi · wall_segment Palisade Wall x1 |
| 16:16 | chuoi · wall_segment Palisade Wall x1 |
| 16:16 | Rgeadn · wall_segment Stone Wall x3 |
| 16:17 | Rgeadn · wall_segment Stone Wall x3 |
| 16:20 | chuoi · wall_segment Palisade Wall x1 |
| 16:38 | Mr.Bean · age_up castle |
| 16:43 | 彪德西 · first_market_sell 100 wood |
| 16:44 | 彪德西 · first_market_buy 100 food |
| 17:05 | Mr.Bean · first_building Castle |
| 17:12 | chuoi · wall_segment Palisade Wall x1 |
| 17:13 | chuoi · wall_segment Palisade Wall x1 |
| 17:15 | chuoi · wall_segment Palisade Wall x1 |
| 17:19 | Cat&Moon · age_up castle |
| 17:23 | chuoi · wall_segment Palisade Wall x1 |
| 17:23 | Mr.Bean · wall_segment Palisade Wall x1 |
| 17:23 | Mr.Bean · wall_segment Palisade Wall x1 |
| 17:25 | Mr.Bean · wall_segment Palisade Wall x1 |
| 17:25 | chuoi · wall_segment Palisade Wall x1 |
| 17:29 | dse · wall_segment Palisade Wall x1 |
| 17:37 | Mr.Bean · wall_segment Palisade Wall x1 |
| 17:38 | Mr.Bean · wall_segment Palisade Wall x1 |
| 17:46 | dse · age_up castle |
| 17:47 | chuoi · age_up castle |
| 17:56 | Cat&Moon · wall_segment Palisade Wall x1 |
| 17:57 | Jwappa · age_up castle |
| 17:59 | Cat&Moon · wall_segment Palisade Wall x1 |
| 18:03 | Jwappa · first_building Castle |
| 18:04 | Mr.Bean · wall_segment Palisade Wall x1 |
| 18:07 | chuoi · first_building Castle |
| 18:10 | Cat&Moon · wall_segment Palisade Wall x1 |
| 18:10 | Mr.Bean · wall_segment Palisade Wall x1 |
| 18:14 | Mr.Bean · wall_segment Palisade Wall x1 |
| 18:23 | CoSchiDo · age_up castle |
| 18:45 | 彪德西 · age_up castle |
| 18:56 | 彪德西 · first_building Castle |
| 19:03 | chuoi · first_building Siege Workshop |
| 19:15 | Rgeadn · wall_segment Stone Wall x3 |
| 19:29 | Cat&Moon · wall_segment Palisade Wall x1 |
| 20:28 | Cat&Moon · first_building Castle |
| 21:03 | Cat&Moon · wall_segment Palisade Wall x1 |
| 21:08 | Cat&Moon · wall_segment Palisade Wall x1 |
| 21:10 | Cat&Moon · wall_segment Palisade Wall x1 |
| 22:27 | chuoi · first_market_buy 100 wood |
| 22:48 | Rgeadn · first_market_buy 100 stone |
| 22:50 | chuoi · wall_segment Stone Wall x1 |
| 23:03 | Rgeadn · resign |
| 23:26 | Cat&Moon · first_building Siege Workshop |
| 23:36 | CoSchiDo · wall_segment Palisade Wall x1 |
| 23:41 | CoSchiDo · wall_segment Palisade Wall x1 |
| 23:45 | CoSchiDo · wall_segment Palisade Wall x4 |
| 24:32 | Cat&Moon · first_market_sell 100 food |
| 25:55 | Cat&Moon · first_market_buy 100 stone |
[ AI ANALYSIS · 1 CREDIT ]
What really happened in this match?
Wolo.gg analyzes every decision: build order, eco, micro, common mistakes by bracket. Personalized analysis on WhatsApp or Discord in 30 seconds.
Civ guide
Magyars
Perfil
Jugador #17222907